 Dungeon Crawl Stone Soup version 0.20-a0-689-g860b9ab (webtiles) character file.

16 Alarkh the Magician (level 2, 0/19 HPs)
             Began as a Mummy Wizard on Feb 19, 2017.
             Slain by a rat (2 damage)
             ... on level 1 of the Dungeon.
             The game lasted 00:01:07 (670 turns).

Alarkh the Magician (Mummy Wizard)                   Turns: 670, Time: 00:01:08

Health: 0/19       AC:  3    Str: 10    XL:     2   Next: 37%
Magic:  7/7        EV: 12    Int: 17    God:
Gold:   42         SH:  0    Dex: 10    Spells: 8/9 levels left

rFire    x . .     SeeInvis +   (no weapon)
rCold    + . .     Gourm    .   a - +0 robe
rNeg     + + +     Faith    .   (no shield)
rPois    ∞         Spirit   .   b - +0 hat
rElec    .         Reflect  .   g - +0 cloak
rCorr    .         Harm     .   (no gloves)
MR       .....                  (no boots)
Stlth    ++........             (no amulet)
Regen    0.1/turn               (no ring)
MPRegen  0.1/turn               d - ring of see invisible

@: no status effects
A: no food or potions, fire vulnerability, cold resistance 1, negative energy
resistance 3, torment resistance, unbreathing
a: no special abilities


You were on level 1 of the Dungeon.
You were not hungry.

You visited 1 branch of the dungeon, and saw 1 of its levels.

You collected 42 gold pieces.

Inventory:

Armour
 a - a +0 robe (worn)
 b - a +0 hat (worn)
 g - a +0 cloak (worn)
Jewellery
 d - a ring of see invisible (left hand)
Scrolls
 e - a scroll of identify
 f - 3 scrolls of recharging
Books
 c - a book of Minor Magic

   Spells                             Type                      Level
   a - Magic Dart                     Conjuration                  1
   b - Blink                          Translocation                2
   c - Call Imp                       Summoning                    2
   d - Slow                           Hexes                        2
   e - Conjure Flame                  Conjuration/Fire             3
   f - Mephitic Cloud                 Conjuration/Poison/Air       3


   Skills:
 - Level 1.5 Dodging
 - Level 1.5 Stealth
 + Level 4.2 Spellcasting
 * Level 1.7 Conjurations
   Level 0.7 Summonings
   Level 0.7 Translocations


You had 8 spell levels left.
You knew the following spells:

 Your Spells              Type           Power        Failure   Level  Hunger
a - Magic Dart            Conj           #...         10%         1    N/A

Dungeon Overview and Level Annotations

Branches:
Dungeon (1/15)

Altars:


Innate Abilities, Weirdness & Mutations

You do not eat or drink.
Your flesh is vulnerable to fire.
You are immune to poison.
Your flesh is cold resistant. (rC+)
You are immune to negative energy. (rN+++)
You are immune to unholy pain and torment.
You can survive without breathing.


Message History

Your magical contamination has completely faded away.
There is an escape hatch in the floor here.
The goblin barely misses you.
Casting: Magic Dart
Confirm with . or Enter, or press ? or * to list all spells.
Aiming: Magic Dart
Press: ? - help, Shift-Dir - straight line, f - hobgoblin
Aim: a hobgoblin, wielding a club The magic dart hits the hobgoblin.
The hobgoblin is moderately wounded.
The hobgoblin hits you with a club.
* * * LOW HITPOINT WARNING * * *
There is an open door here.
A rat comes into view.
The rat twitches its whiskers.
The rat bites you.
* * * LOW HITPOINT WARNING * * *
There is a stone staircase leading down here.
The rat bites you.
You die...

#. #######.#.#.#.#.#.#......)#
#.##.......###.#.#.#.#'#####.#
...............#...........#.#
#...>...######..(.....##.#.#
#.......+..........)..##.#.#
#.......#######..).......#.#
#....g........'..).....[.#.#
#.####'#g######..........#.#
#.# #.#..gr@.........##.#.#
#g# ##.#.#####........##.#.#
#g###..............#####.#.##
#........###.#...........#...
#........##.............#####
#####.###....##......#......##
........#....#......###......#
####....#..###.....##
##.....## #....#..##.....##
##.....#


You could see a hobgoblin, a goblin and a rat.

Vanquished Creatures
  A leopard gecko (D:1)
  3 bats (D:1)
  A giant cockroach (D:1)
  A goblin (D:1)
  2 hobgoblins (D:1)
  A ball python (D:1)
  2 frilled lizards (D:1)
  A kobold (D:1)
  4 rats (D:1)
16 creatures vanquished.

Notes
Turn   | Place    | Note
-------+----------+-------------------------------------------
     0 | D:1      | Alarkh the Mummy Wizard began the quest for the Orb.
     0 | D:1      | Reached XP level 1. HP: 13/13 MP: 5/5
    22 | D:1      | Reached skill level 1 in Conjurations
   298 | D:1      | Reached XP level 2. HP: 19/19 MP: 2/7
   670 | D:1      | Slain by a rat

Vault maps used:
D:1:      minmay_arrival_pointy, minmay_vboxes

Skill      XL: |  1 |
---------------+----+-----
Conjurations   | 1 |  1.7
Dodging        | |  1.5
Stealth        | |  1.5
Spellcasting   | |  4.2
Summonings     | |  0.7
Translocations | |  0.7

Action                   || total
-------------------------++-------
Melee: Unarmed           ||     4
 Cast: Magic Dart        ||    34
  Use: Scroll            ||     2
Armor: Robe              ||     4
Dodge: Dodged            ||    14
